[Event "Late-Titled-Tuesday-Blitz-February-27-2024"]
[Site "Chess.com"]
[Date "2024.02.27"]
[Round "8"]
[White "mac0504"]
[Black "Bugcrusher"]
[Result "1/2-1/2"]
[WhiteElo "2712"]
[BlackElo "2595"]
[TimeControl "180+1"]
[EndTime "15:26:10 PST"]
[Termination "Game drawn by repetition"]

1. c4 b6 2. e4 Bb7 3. Nc3 e6 4. Bd3 Bb4 5. Nge2 Ne7 6. O-O O-O 7. a3 Bxc3 8. Nxc3 Nbc6 9. b4 Nd4 10. Bb2 c5 11.
Ne2 d5 12. Nxd4 dxe4 13. Nxe6 fxe6 14. Qg4 Nf5 15. Bxe4 h5 16. Qe2 Bxe4 17. Qxe4 Qxd2 18. Qxe6+ Kh7 19. Bc1 Qd4 20. Bg5 Rae8 21. Qc6 Qg4 22. f4 Nd4 23. Qd5 Rf5 24. Qb7 Re2 25. Kh1 Rf7 26. Qd5 Rf5 27. Qb7 Rf7 28. Qa8 Rf8 29. Qb7 Rf7 1/2-1/2

[Event "Late-Titled-Tuesday-Blitz-February-27-2024"]
[Site "Chess.com"]
[Date "2024.02.27"]
[Round "8"]
[White "Anna20240"]
[Black "Viktor_Poddubnyi"]
[Result "0-1"]
[WhiteElo "1924"]
[BlackElo "2266"]
[TimeControl "180+1"]
[EndTime "15:26:11 PST"]
[Termination "Viktor_Poddubnyi won by resignation"]

1. d4 g6 2. c4 Bg7 3. Nf3 c5 4. d5 f5 5. Nc3 d6 6. e4 Bxc3+ 7. bxc3 fxe4 8. Ng5 Nf6 9. Qc2 Bf5 10. h3 h6 11.
g4 hxg5 12. gxf5 gxf5 13. f3 Nbd7 14. Bxg5 Ne5 15. Bxf6 Nxf3+ 16. Kd1 exf6 17. Bg2 Nh4 18. Rf1 Qe7 19. Qf2 O-O-O 20. Bh1 Qe5 21. Kc2 f4 22.
Qxf4 Nf3 23. Qg4+ f5 24. Qg6 Rxh3 25. Bxf3 Rxf3 26. Rxf3 exf3 27. Rf1 Qe2+ 0-1

[Event "Late-Titled-Tuesday-Blitz-February-27-2024"]
[Site "Chess.com"]
[Date "2024.02.27"]
[Round "8"]
[White "maurovargas01"]
[Black "Yahisalem"]
[Result "0-1"]
[WhiteElo "1838"]
[BlackElo "2028"]
[TimeControl "180+1"]
[EndTime "15:26:13 PST"]
[Termination "Yahisalem won by resignation"]

1. e4 d6 2. Nc3 Nf6 3. f4 g6 4. Nf3 Bg7 5. Bc4 O-O 6. d3 Bg4 7. O-O Nc6 8. a3 Nd4 9. Nd5 Nxd5 10. Bxd5 c6 11. Ba2 Nxf3+ 12. gxf3 Bh3 13. Rf2 Bd4 14.
Qe1 Qb6 15. c3 Bxf2+ 16. Qxf2 Qxf2+ 17. Kxf2 Be6 18. c4 b5 19. b3 a5 20. Be3 a4 21.
bxa4 Rxa4 22. cxb5 Bxa2 23. Rxa2 cxb5 24. Bd2 Rfa8 25.
Bc1 b4 26. Rc2 bxa3 27. Ra2 Rc8 28. Rxa3 Rxa3 29. Bxa3 Rc3 30. Bb4 Rxd3 31. Ke2 Rb3 32. Be1 Kf8 33. Bd2 Ke8 34. e5 d5 35. Be3 e6 36.
Bc5 Rb2+ 37. Kf1 Rxh2 38. Bf2 Kd7 39. Kg1 Rh5 40. Kg2 Kc6 41. Bg1 Rf5 42. Kg3 h5 43.
Be3 Kb5 44. Kh4 Kc4 45. Kg3 Kd3 46. Bc5 d4 47. Be7 Kc3 48. Bc5 d3 49. Be3 d2 50.
Bxd2+ Kxd2 0-1

[Event "Late-Titled-Tuesday-Blitz-February-27-2024"]
[Site "Chess.com"]
[Date "2024.02.27"]
[Round "8"]
[White "AcostaPablo"]
[Black "Piotrek1979"]
[Result "1-0"]
[WhiteElo "2633"]
[BlackElo "2465"]
[TimeControl "180+1"]
[EndTime "15:26:15 PST"]
[Termination "AcostaPablo won by checkmate"]

1. d4 Nf6 2. c4 e6 3. Nc3 Bb4 4.
f3 d5 5. Bg5 c5 6. e3 Qa5 7. Ne2 cxd4 8. Bxf6 gxf6 9. Qxd4 dxc4 10. Qxf6 Rg8 11. Ng3 Nc6 12. Bxc4 Qc5 13. Qf4 e5 14.
Qxf7+ Kd8 15. O-O-O+ Nd4 16. exd4 exd4 17. Qxg8+ Kc7 18.
Nge4 Qe5 19. Nd5+ Kb8 20. Nxb4 a5 21. Nd3 Qe7 22. Kb1 Ka7 23. Qg3 Bf5 24. Nd6 Bg6 25. Nb5+ Kb6 26. Rhe1 Qf8 27. Qc7+ Ka6 28. Re6+ b6 29.
Qxb6# 1-0

[Event "Late-Titled-Tuesday-Blitz-February-27-2024"]
[Site "Chess.com"]
[Date "2024.02.27"]
[Round "8"]
[White "yuriydovzik"]
[Black "IngOscarArdila"]
[Result "0-1"]
[WhiteElo "2128"]
[BlackElo "2290"]
[TimeControl "180+1"]
[EndTime "15:26:18 PST"]
[Termination "IngOscarArdila won on time"]

1. e4 e5 2. Nf3 Nf6 3. Nc3 Nc6 4. Bc4 Bb4 5. O-O O-O 6. d3 d6 7. a3 Bxc3 8. bxc3 Qe7 9. h3 Nd8 10. Re1 Ne6 11. d4 Rd8 12. a4 Nf8 13. Ba3 Ng6 14. a5 a6 15. Rb1 c5 16. Bd5 Qc7 17.
dxe5 dxe5 18. c4 Rb8 19. Qd2 Nf4 20. Kh2 Be6 21. Qe3 Nd7 22. Qc3 Bxd5 23. cxd5 f6 24. Bc1 Ng6 25. Be3 Ne7 26. Red1 Nc8 27. Nd2 Nd6 28.
Nc4 Nxe4 29. Qb3 Nd6 30. Nxd6 Qxd6 31. c4 Kh8 32. g3 f5 33. Bg5 Re8 0-1

[Event "Late-Titled-Tuesday-Blitz-February-27-2024"]
[Site "Chess.com"]
[Date "2024.02.27"]
[Round "8"]
[White "venturov"]
[Black "xasid81"]
[Result "1-0"]
[WhiteElo "2465"]
[BlackElo "2605"]
[TimeControl "180+1"]
[EndTime "15:26:23 PST"]
[Termination "venturov won by resignation"]

1. e4 c6 2. d3 d5 3. Nd2 dxe4 4. dxe4 Qc7 5. Ngf3 e5 6. Bc4 Be7 7. O-O Nf6 8. Re1 O-O 9. c3 h6 10. a4 a5 11. Nf1 b6 12. Qc2 Ba6 13. Ne3 Bc5 14. Bxa6 Nxa6 15. Nf5 Rfe8 16. Be3 Bxe3 17. Rxe3 Nc5 18.
Nd2 g6 19. Nxh6+ Kg7 20. Rf3 Qe7 21. Nf5+ gxf5 22. Rxf5 Rh8 23. b4 axb4 24. cxb4 Ne6 25.
Rxe5 Qxb4 26. Nf3 Nd4 27. Rg5+ Kf8 28. Nxd4 Qxd4 29. Rd1 Qb4 30. Qxc6 Qxa4 31. Qd6+ 1-0

[Event "Late-Titled-Tuesday-Blitz-February-27-2024"]
[Site "Chess.com"]
[Date "2024.02.27"]
[Round "8"]
[White "Defenstrator"]
[Black "jodarmarlon1985"]
[Result "1-0"]
[WhiteElo "2405"]
[BlackElo "2243"]
[TimeControl "180+1"]
[EndTime "15:26:23 PST"]
[Termination "Defenstrator won by resignation"]

1. e4 e5 2. f4 exf4 3. Bc4 c6 4. Qf3 d5 5. exd5 Bd6 6. d4 Nf6 7. dxc6 Nxc6 8. Bxf4 Bxf4 9. Qxf4 Qxd4 10. Qxd4 Nxd4 11.
Na3 Bf5 12. O-O-O O-O-O 13. Bxf7 Rd7 14. Bc4 Rhd8 15. Ne2 Be4 16. Nb5 Nxb5 17. Rxd7 Rxd7 18. Bxb5 Rc7 19. Nd4 a6 20. Bf1 Ng4 21. c3 b5 22.
Be2 Ne3 23. Re1 Kb8 24. Bh5 Nxg2 25. Rxe4 b4 26. Ne2 g6 27. Bf3 bxc3 28. Bxg2 cxb2+ 29. Kxb2 1-0

[Event "Late-Titled-Tuesday-Blitz-February-27-2024"]
[Site "Chess.com"]
[Date "2024.02.27"]
[Round "8"]
[White "js20000"]
[Black "GothamChess"]
[Result "1-0"]
[WhiteElo "2850"]
[BlackElo "2688"]
[TimeControl "180+1"]
[EndTime "15:26:25 PST"]
[Termination "js20000 won by resignation"]

1. Nf3 g6 2. e4 Bg7 3. d4 d6 4.
Bd3 Nc6 5. c3 e5 6. O-O Nf6 7.
h3 O-O 8. Re1 Re8 9. d5 Ne7 10.
c4 h6 11. Nc3 g5 12. Nh2 Ng6 13. Ng4 Kh7 14. Nxf6+ Bxf6 15. Be2 Nf4 16. Bg4 Bxg4 17.
Qxg4 Qc8 18. Qxc8 Raxc8 19. Kh2 Nd3 20. Rf1 c6 21. b3 a6 22. Be3 Bd8 23. Rfd1 Nb4 24.
dxc6 Rxc6 25. Rac1 a5 26. a3 Na6 27. Nb5 Be7 28.
Rd3 Rd8 29. Rcd1 Kg7 30. Nc3 Bf8 31. Nd5 a4 32. bxa4 Rxc4 33. f3 Rxa4 34. Rb1 Nc5 35.
Bxc5 dxc5 36. Rxb7 c4 37. Rc3 Bxa3 38. Nb6 Rb4 39.
Rxa3 Rd6 40. Nc8 Rxb7 41. Nxd6 1-0

[Event "Late-Titled-Tuesday-Blitz-February-27-2024"]
[Site "Chess.com"]
[Date "2024.02.27"]
[Round "8"]
[White "EsmeraldasAnderson03"]
[Black "pirulillo"]
[Result "1-0"]
[WhiteElo "2521"]
[BlackElo "2249"]
[TimeControl "180+1"]
[EndTime "15:26:25 PST"]
[Termination "EsmeraldasAnderson03 won by checkmate"]

1. d4 Nf6 2. c4 c5 3. d5 b5 4.
cxb5 a6 5. bxa6 g6 6. Nc3 Bg7 7. g3 O-O 8. Bg2 d6 9. Nf3 Qa5 10. O-O Bxa6 11. Bd2 Nbd7 12. Rb1 Rfb8 13. a4 Ne8 14. Qc2 Bc4 15. b3 Ba6 16. Rfe1 Nc7 17.
h3 Nf6 18. e4 Qb6 19. Na2 Nd7 20. Bc3 f6 21. Kh2 Ne5 22. Nxe5 fxe5 23. f4 exf4 24. gxf4 Rf8 25. Bd2 e5 26. f5 gxf5 27. exf5 Nxd5 28. Bxd5+ Kh8 29. Nc3 Qb4 30. Qe4 Qxe4 31. Bxe4 Rab8 32. Nd5 c4 33. b4 Bc8 34. Rf1 Rb7 35. f6 Bxf6 36.
Nxf6 Rbf7 37. Bg5 Be6 38. Rbd1 c3 39. Rxd6 h6 40. Bh4 h5 41. Rxe6 c2 42. Bxc2 e4 43. Bxe4 Rd8 44. Rf2 Rg7 45. Nxh5 Rd1 46. Nxg7 Kg8 47.
Nh5 Rd2 48. Re8# 1-0

[Event "Late-Titled-Tuesday-Blitz-February-27-2024"]
[Site "Chess.com"]
[Date "2024.02.27"]
[Round "8"]
[White "KNVB"]
[Black "mightysmasher"]
[Result "0-1"]
[WhiteElo "2803"]
[BlackElo "2574"]
[TimeControl "180+1"]
[EndTime "15:26:27 PST"]
[Termination "mightysmasher won on time"]

1. e4 e6 2. Nf3 d5 3. d3 dxe4 4. dxe4 Qxd1+ 5. Kxd1 Nf6 6. Nfd2 Bd7 7. f3 c5 8. c3 Nc6 9. Kc2 O-O-O 10. a4 Bd6 11.
Nc4 Bc7 12. Be3 b6 13. Nbd2 e5 14.
Bg5 Rhe8 15. Ne3 Ne7 16. Bc4 Rf8 17. Rhd1 h6 18. Bh4 g5 19. Bf2 Ne8 20. Ba6+ Kb8 21. Ndc4 f5 22. exf5 Nxf5 23. Bb5 Nxe3+ 24. Bxe3 Bf5+ 25.
Kb3 Nf6 26. a5 Be6 27. axb6 Bxb6 28. Bf2 Nd5 29. Re1 Nf4 30. Rxe5 Bxc4+ 31. Bxc4 Rd2 32. Bxc5 Bxc5 33. Rxc5 Rf6 34. Rb5+ Rb6 35. Rxb6+ axb6 36. g3 Ng6 37. Rh1 Ne5 38. f4 Nc6 39. fxg5 Na5+ 40. Ka4 Nxc4 41. gxh6 Rxb2 0-1

[Event "Late-Titled-Tuesday-Blitz-February-27-2024"]
[Site "Chess.com"]
[Date "2024.02.27"]
[Round "8"]
[White "reevecanada"]
[Black "cthulhuuu"]
[Result "0-1"]
[WhiteElo "2595"]
[BlackElo "2450"]
[TimeControl "180+1"]
[EndTime "15:26:29 PST"]
[Termination "cthulhuuu won by checkmate"]

1. e4 d6 2. d4 Nf6 3. Nc3 c6 4.
Nge2 b5 5. a3 e5 6. f3 Be7 7.
Be3 O-O 8. Qd2 a5 9. g4 Nbd7 10. Ng3 exd4 11. Bxd4 Ne5 12. Be2 Re8 13. h4 Bf8 14. h5 Be6 15. b3 b4 16. axb4 axb4 17. Rxa8 bxc3 18. Qxc3 Qxa8 19. g5 Nfd7 20. f4 c5 21. Bg1 Ng4 22. f5 Bxf5 23. exf5 Nde5 24. Kf1 d5 25. Rh4 d4 26. Qd2 Nf3 27. Bxf3 Qxf3+ 28.
Bf2 Ne3+ 29. Kg1 Qg2# 0-1

[Event "Late-Titled-Tuesday-Blitz-February-27-2024"]
[Site "Chess.com"]
[Date "2024.02.27"]
[Round "8"]
[White "fandebobbyfischer"]
[Black "PositionalPanther"]
[Result "0-1"]
[WhiteElo "2678"]
[BlackElo "2514"]
[TimeControl "180+1"]
[EndTime "15:26:30 PST"]
[Termination "PositionalPanther won on time"]

1. Nf3 d5 2. b3 Bf5 3. Bb2 e6 4. d3 h6 5. g3 Nf6 6. Bg2 c6 7. O-O Nbd7 8. Nbd2 Bh7 9. a3 Be7 10. c4 O-O 11. Re1 a5 12. Qc2 b5 13. Rad1 Qb8 14. e4 bxc4 15. bxc4 dxe4 16. dxe4 Nc5 17. Ne5 Qc7 18. Bc3 Rfd8 19. h3 Bd6 20. f4 Bxe5 21. Bxe5 Qe7 22. g4 Nd3 23. Qc3 Qc5+ 24. Kh2 Nxe1 25. Rxe1 Qf2 26. Nf1 Nxe4 27. Qa1 f6 28.
Bb2 Nd2 0-1

[Event "Late-Titled-Tuesday-Blitz-February-27-2024"]
[Site "Chess.com"]
[Date "2024.02.27"]
[Round "8"]
[White "delqate"]
[Black "WilsonPalencia21"]
[Result "0-1"]
[WhiteElo "2407"]
[BlackElo "2570"]
[TimeControl "180+1"]
[EndTime "15:26:30 PST"]
[Termination "WilsonPalencia21 won on time"]

1. e4 c5 2. Nf3 d6 3. d4 cxd4 4.
Nxd4 Nf6 5. Nc3 g6 6. Bc4 Bg7 7. O-O O-O 8. Re1 Nc6 9. Nb3 a5 10. Bb5 Be6 11. Bg5 Rc8 12. Qd2 Ne5 13. Nd5 a4 14. Bxf6 exf6 15. Nd4 f5 16. Nxe6 fxe6 17. Nf4 Qg5 18. Qe3 Ng4 19. Nxe6 Nxe3 20. Nxg5 Nxc2 21. Bd7 Nxa1 22. Be6+ Kh8 23. Bxc8 Rxc8 24. Rxa1 Bxb2 25. Rd1 b5 26. exf5 b4 27. fxg6 hxg6 28. Kf1 b3 29.
axb3 a3 30. Nf7+ Kg7 31. Nxd6 Rc1 32. Rxc1 Bxc1 0-1

[Event "Late-Titled-Tuesday-Blitz-February-27-2024"]
[Site "Chess.com"]
[Date "2024.02.27"]
[Round "8"]
[White "Roedor"]
[Black "Flaccidmoves"]
[Result "0-1"]
[WhiteElo "2298"]
[BlackElo "2454"]
[TimeControl "180+1"]
[EndTime "15:26:32 PST"]
[Termination "Flaccidmoves won by checkmate"]

1. c4 e5 2. g3 c6 3. d4 exd4 4. Qxd4 d5 5. Bg2 Nf6 6. Nf3 Be7 7.
O-O c5 8. Qd1 O-O 9. cxd5 Nxd5 10.
a3 Nc6 11. Qc2 Be6 12. Rd1 Qc7 13. Ng5 Bxg5 14. Bxg5 Nd4 15. Rxd4 cxd4 16. Qd2 f6 17. Bh4 g5 18. Bxg5 fxg5 19. Bxd5 Bxd5 20. Qxg5+ Kh8 21. Qxd5 Qc1+ 22. Kg2 Qxb2 23. Ra2 Qxb1 24. Qxd4+ Kg8 25. Rb2 Qf5 26. Rxb7 Rf7 27. Rxf7 Qxf7 28. h4 Re8 29. e4 Qe6 30. f3 Qe5 31. Qc4+ Kg7 32.
a4 Re7 33. g4 Rc7 34. Qb3 Rd7 35. Qc2 Qd4 36. Kh3 a5 37. h5 h6 38. Qc6 Rd6 39. Qe8 Qf6 40. e5 Qxf3+ 41. Kh4 Qf2+ 42. Kh3 Rd3# 0-1

[Event "Late-Titled-Tuesday-Blitz-February-27-2024"]
[Site "Chess.com"]
[Date "2024.02.27"]
[Round "8"]
[White "rcmz"]
[Black "egnfanclub"]
[Result "1-0"]
[WhiteElo "2226"]
[BlackElo "2391"]
[TimeControl "180+1"]
[EndTime "15:26:32 PST"]
[Termination "rcmz won by resignation"]

1. b4 e5 2. Bb2 Bxb4 3. Bxe5 Nf6 4. c4 O-O 5. Nf3 Re8 6. e3 Nc6 7. Bb2 d5 8. cxd5 Nxd5 9. Be2 Rxe3 10. fxe3 Nxe3 11.
Qb3 Nxg2+ 12. Kd1 Bg4 13. Rg1 Bh3 14. Kc1 Bc5 15. d4 Nxd4 16. Nxd4 Bxd4 17. Qxh3 Bxb2+ 18. Kxb2 Qd4+ 19. Nc3 Qd2+ 20. Kb3 Ne3 21. Rac1 a5 22.
a4 b5 23. Nxb5 Qxe2 24. Rc3 Nd5 25. Qg2 Qe5 26. Rd3 Nf4 27. Qxa8+ 1-0

[Event "Late-Titled-Tuesday-Blitz-February-27-2024"]
[Site "Chess.com"]
[Date "2024.02.27"]
[Round "8"]
[White "farzadbfd"]
[Black "Brahianzevich"]
[Result "1-0"]
[WhiteElo "2685"]
[BlackElo "2502"]
[TimeControl "180+1"]
[EndTime "15:26:36 PST"]
[Termination "farzadbfd won by resignation"]

1. e4 c5 2. Nc3 a6 3. g3 b5 4.
Bg2 Bb7 5. d3 e6 6. Be3 Nf6 7.
Nge2 d6 8. O-O Nc6 9. h3 Be7 10. Qd2 O-O 11. f4 d5 12. exd5 exd5 13. d4 Qb6 14.
dxc5 Bxc5 15. Bxc5 Qxc5+ 16. Kh2 d4 17. Ne4 Nxe4 18.
Bxe4 Rfe8 19. Bg2 Rad8 20. Nc1 Re3 21. Nb3 Qe7 22. Rf2 d3 23. Bxc6 Bxc6 24. Rd1 h5 25. c3 h4 26. g4 g5 27. Nd4 Bb7 28. Nf5 Qe4 29. Qxe3 1-0

[Event "Late-Titled-Tuesday-Blitz-February-27-2024"]
[Site "Chess.com"]
[Date "2024.02.27"]
[Round "8"]
[White "GMKrikor"]
[Black "Alexei_Gubajdullin"]
[Result "1-0"]
[WhiteElo "2861"]
[BlackElo "2658"]
[TimeControl "180+1"]
[EndTime "15:26:43 PST"]
[Termination "GMKrikor won by resignation"]

1. Nf3 Nf6 2. c4 g6 3. Nc3 Bg7 4. e4 d6 5. d4 O-O 6. h3 Na6 7. Bg5 h6 8. Be3 c5 9. d5 e6 10. Be2 exd5 11. exd5 Re8 12. O-O Rxe3 13. fxe3 Qe7 14.
Qd2 h5 15. Bd3 Bh6 16. Rae1 Nc7 17. Qf2 Nd7 18. e4 Ne8 19. e5 dxe5 20. Nxe5 Qf6 21. Nxf7 Qxf2+ 22. Rxf2 Nef6 23. Nxh6+ Kg7 24. Re6 Kxh6 25.
Rfxf6 Nxf6 26. Rxf6 Bf5 27. Bxf5 Kg5 28. Ne4+ Kf4 29. Bxg6+ Ke5 30. Re6+ Kd4 31. d6 Kxc4 32. d7 Rd8 33. Be8 Kd5 34. Ng5 c4 35. Re1 b5 36.
Nf7 Rxd7 37. Bxd7 b4 38. Kf2 c3 39. bxc3 bxc3 40. Ba4 c2 41. Bxc2 1-0

[Event "Late-Titled-Tuesday-Blitz-February-27-2024"]
[Site "Chess.com"]
[Date "2024.02.27"]
[Round "8"]
[White "picturesquecheck"]
[Black "Roberz12"]
[Result "0-1"]
[WhiteElo "2416"]
[BlackElo "2590"]
[TimeControl "180+1"]
[EndTime "15:26:48 PST"]
[Termination "Roberz12 won by resignation"]

1. e4 c5 2. Nf3 Nc6 3. d4 cxd4 4.
Nxd4 Nf6 5. Nc3 e5 6. Ndb5 d6 7.
Bg5 a6 8. Na3 b5 9. Bxf6 gxf6 10. Nd5 Bg7 11. Bd3 Be6 12. c4 bxc4 13. Bxc4 O-O 14. O-O f5 15. Ne3 fxe4 16. Qh5 Bxc4 17. Naxc4 d5 18. Rad1 Nd4 19. Nxe5 Ne6 20. Nxd5 f5 21. Nc6 Qe8 22. Qxe8 Raxe8 23. b4 Rf7 24. a4 Rb7 25. Rb1 Kf7 26. Ne3 f4 27. Nf5 Bf8 28.
b5 axb5 29. axb5 Nc7 30. b6 Nd5 31. Rb5 Rxb6 32. Rxd5 Rxc6 33. Re1 Rb6 34. g3 Bb4 35. Rb1 Ke6 36. Rd4 Kxf5 37. Rdxb4 Rxb4 38. Rxb4 f3 39. Rb5+ Kg4 40. h4 Kh3 41. Rb1 h5 42. Re1 Ra8 43. Rd1 Ra2 44. Re1 e3 45. Rf1 exf2+ 46. Rxf2 Ra1+ 47.
Rf1 Rxf1+ 48. Kxf1 Kxg3 49. Kg1 Kxh4 50. Kf2 Kg4 0-1

[Event "Late-Titled-Tuesday-Blitz-February-27-2024"]
[Site "Chess.com"]
[Date "2024.02.27"]
[Round "8"]
[White "Yurovskykh_Oleksandr"]
[Black "szachmistrz2500"]
[Result "0-1"]
[WhiteElo "2666"]
[BlackElo "2468"]
[TimeControl "180+1"]
[EndTime "15:26:50 PST"]
[Termination "szachmistrz2500 won by checkmate"]

1. d4 Nf6 2. Nf3 d5 3. c3 Bf5 4. Qb3 Qc8 5. Bg5 Nbd7 6. e3 e6 7. c4 c6 8. Nc3 Be7 9. Rc1 O-O 10.
Nh4 Bg4 11. h3 Bh5 12. g4 Bg6 13. Nxg6 fxg6 14. Bg2 Nb6 15. cxd5 exd5 16. O-O Qe6 17. e4 Rad8 18. e5 Nfd7 19. Bxe7 Qxe7 20. f4 h5 21. f5 hxg4 22. hxg4 gxf5 23. gxf5 Qg5 24. Qc2 Nc4 25. Rce1 Rde8 26. b3 Ncxe5 27. dxe5 Nxe5 28. Qc1 Qh5 29. Qd1 Qg5 30. Qc1 Qh5 31. Qd2 Rxf5 32. Rxf5 Qxf5 33. Rf1 Qg6 34. Ne2 Ng4 35. Nf4 Qh6 36. Qd4 Qh2# 0-1

[Event "Late-Titled-Tuesday-Blitz-February-27-2024"]
[Site "Chess.com"]
[Date "2024.02.27"]
[Round "8"]
[White "manitodeplomo"]
[Black "DeArron_Fox"]
[Result "1-0"]
[WhiteElo "2666"]
[BlackElo "2482"]
[TimeControl "180+1"]
[EndTime "15:26:52 PST"]
[Termination "manitodeplomo won on time"]

1. d4 d5 2. c4 e6 3. Nf3 Nf6 4.
Nc3 Be7 5. Bg5 O-O 6. Qc2 h6 7. Bxf6 Bxf6 8. O-O-O a6 9. e4 dxe4 10. Qxe4 c5 11. h4 Nc6 12. Bd3 g6 13. h5 cxd4 14.
hxg6 dxc3 15. g7 Bg5+ 16. Kb1 Kxg7 17. Qh7+ Kf6 18. Nxg5 hxg5 19. Qh6+ Ke7 20. Qxg5+ Ke8 21. Qg7 cxb2 22. Rh8 Qe7 23. Rdh1 Bd7 24. Rxf8+ Qxf8 25. Rh8 Ke7 26. Rxf8 Rxf8 27. Kxb2 Rd8 28. Be4 Be8 29. g4 Kd7 30. g5 Kc7 31. Kc3 Rd7 32. Qf8 Rd8 33. f4 1-0

[Event "Late-Titled-Tuesday-Blitz-February-27-2024"]
[Site "Chess.com"]
[Date "2024.02.27"]
[Round "8"]
[White "cthake"]
[Black "katharinareinecke"]
[Result "1-0"]
[WhiteElo "1830"]
[BlackElo "1985"]
[TimeControl "180+1"]
[EndTime "15:26:54 PST"]
[Termination "cthake won by checkmate"]

1. e4 c6 2. d4 d5 3. e5 Bf5 4.
h4 h5 5. Be2 e6 6. Nf3 Ne7 7. Bg5 Qb6 8. b3 Bg6 9. O-O Nf5 10. c3 Nd7 11. Nbd2 f6 12. Bf4 O-O-O 13. a4 fxe5 14. Nxe5 Nxe5 15. Bxe5 Bd6 16. a5 Qc7 17. f4 Nxh4 18. a6 b6 19. Nf3 Nf5 20. Ng5 Rde8 21.
Qd2 Ng3 22. Rf3 Nxe2+ 23. Qxe2 Bxe5 24. fxe5 Bf5 25. Rc1 g6 26. Qf2 Rhf8 27. c4 Kb8 28. cxd5 exd5 29. b4 Qd7 30. Rfc3 Rc8 31. Qg3 Ka8 32. Kh2 Rfe8 33. b5 c5 34. dxc5 bxc5 35. Rxc5 Rxc5 36. Rxc5 Rh8 37. Qf3 Be4 38. Nxe4 dxe4 39.
Qxe4+ Kb8 40. e6 Qd6+ 41. Re5 h4 42. Kh3 g5 43. e7 g4+ 44. Kxg4 Rg8+ 45. Kh3 Qd7+ 46. Kh2 Qd2 47. e8=Q+ Rxe8 48. Rxe8+ Kc7 49. Qc6# 1-0

[Event "Late-Titled-Tuesday-Blitz-February-27-2024"]
[Site "Chess.com"]
[Date "2024.02.27"]
[Round "8"]
[White "temus_galaktionov"]
[Black "Ali_rastbod"]
[Result "1-0"]
[WhiteElo "2916"]
[BlackElo "2715"]
[TimeControl "180+1"]
[EndTime "15:26:57 PST"]
[Termination "temus_galaktionov won by resignation"]

1. d4 Nf6 2. c4 e6 3. Nf3 Bb4+ 4. Nbd2 O-O 5. a3 Be7 6. e4 d6 7. b4 e5 8. Bb2 exd4 9. Nxd4 Re8 10. Be2 Bf8 11. Qc2 g6 12. O-O Bg7 13. Rae1 a5 14. f4 axb4 15. axb4 Ng4 16. Bxg4 Bxg4 17. h3 Bc8 18. N2f3 Ra2 19. e5 dxe5 20. fxe5 Be6 21. Nxe6 Rxe6 22. Qb3 Ra8 23. c5 Nc6 24. b5 Na5 25.
Qb4 Qd5 26. Ng5 Rxe5 27. Bxe5 Bxe5 28. Nxf7 Bd4+ 29. Kh1 Bxc5 30. Qf4 Bd4 31. Qxc7 Nc4 32. Nh6+ Kh8 33. Re7 1-0

[Event "Late-Titled-Tuesday-Blitz-February-27-2024"]
[Site "Chess.com"]
[Date "2024.02.27"]
[Round "8"]
[White "Fandorine"]
[Black "SantoBlue"]
[Result "1-0"]
[WhiteElo "2918"]
[BlackElo "2970"]
[TimeControl "180+1"]
[EndTime "15:26:59 PST"]
[Termination "Fandorine won by resignation"]

1. d4 d5 2. c4 c6 3. Nf3 Nf6 4. Nc3 e6 5. g3 Nbd7 6. Bg2 Be7 7. O-O O-O 8. b3 b6 9. Qd3 Ba6 10. e4 dxe4 11. Nxe4 b5 12. Nxf6+ Bxf6 13. Rd1 bxc4 14.
bxc4 Nb6 15. Ba3 Bxc4 16. Qc2 Re8 17. Ne5 Bxe5 18. dxe5 Bd5 19. h4 Qc8 20. Rac1 Qa6 21. Bd6 h6 22. Rd4 c5 23. Rg4 Bxg2 24. Kxg2 Qb7+ 25.
f3 Nd5 26. Qd2 Kh8 27. Rcc4 Rg8 28. Bxc5 Rac8 29. Bf2 Rxc4 30. Rxc4 Rb8 31. Qc2 Kg8 32. h5 a6 33. a3 Qa8 34. Rc6 Ne7 35. Rc7 Nd5 36. Ra7 Ne3+ 37. Bxe3 Qd5 38. Bf2 Qxe5 39. Qc7 Qxc7 40. Rxc7 Rb3 41. a4 Ra3 42. Rc4 Ra2 43.
g4 e5 44. Kg3 f6 45. Bb6 Kf7 46. a5 Ra3 47. Rc7+ Ke6 48. Rxg7 e4 49. Kf4 exf3 50.
Kg3 Rb3 51. Rg6 Ke5 52. Rxh6 1-0

[Event "Late-Titled-Tuesday-Blitz-February-27-2024"]
[Site "Chess.com"]
[Date "2024.02.27"]
[Round "8"]
[White "OneTrickPony_82"]
[Black "grzechu96"]
[Result "0-1"]
[WhiteElo "2530"]
[BlackElo "2743"]
[TimeControl "180+1"]
[EndTime "15:26:59 PST"]
[Termination "grzechu96 won by resignation"]

1. d4 d5 2. c4 e6 3. Nf3 c6 4. e3 Bd6 5. b3 f5 6. Be2 Nf6 7. O-O Qe7 8. a4 b6 9. Ba3 c5 10. Nc3 Bb7 11. Nb5 O-O 12. cxd5 Bxd5 13. Rc1 Nbd7 14. Nxd6 Qxd6 15. dxc5 Nxc5 16. Nd4 Rac8 17. Nb5 Qe7 18. Qd4 Rfd8 19. Bxc5 bxc5 20. Qb2 Qb7 21. Bc4 Bxg2 22. Bxe6+ Kh8 23. Bxc8 Rxc8 24. f3 Bxf1 25.
Nd6 Qxf3 26. Nxc8 Ba6 27. Qf2 Qxf2+ 28. Kxf2 Bxc8 29. Kf3 Ne4 30. Kf4 Kg8 31. b4 Kf7 32. bxc5 Ke6 33. c6 g5+ 34. Kf3 Kd6 35. c7 Nc5 36. a5 Ne6 37. Ke2 Nxc7 38. Rd1+ Nd5 39. Rc1 Ba6+ 40. Kf3 Ne7 41. Rc3 Nc6 42. Ra3 Ne5+ 43.
Kf2 Kc5 44. Rc3+ Bc4 0-1

[Event "Late-Titled-Tuesday-Blitz-February-27-2024"]
[Site "Chess.com"]
[Date "2024.02.27"]
[Round "8"]
[White "1g60-1"]
[Black "jcmesafischer"]
[Result "1-0"]
[WhiteElo "2287"]
[BlackElo "2351"]
[TimeControl "180+1"]
[EndTime "15:27:00 PST"]
[Termination "1g60-1 won on time"]

1. e4 c5 2. Nf3 d6 3. d4 cxd4 4. Nxd4 Nf6 5. Nc3 a6 6. Be3 e5 7. Nb3 Be7 8. f3 Be6 9. Qd2 h5 10. O-O-O Nbd7 11. Kb1 Rc8 12. Nd5 Nxd5 13. exd5 Bf5 14.
Bd3 Bxd3 15. Qxd3 Bg5 16. Bf2 g6 17. h4 Bh6 18. g4 hxg4 19. fxg4 Qc7 20. h5 Qc4 21.
hxg6 Qxd3 22. gxf7+ Kxf7 23. Rxd3 Nf6 24. Rf1 Kg6 25.
Na5 Rh7 26. Rg1 Bg5 27. c4 Ne4 28. Be1 Bd8 29. b3 Rh2 30. Nxb7 Bb6 31. Rf1 Rb8 32. Na5 Bxa5 33. Bxa5 Rh7 34. Re3 Nc5 35. Ref3 Ne4 36. Re1 Ng5 37. Rf5 Rh4 38. Ref1 Ne4 39. Bc7 Rb7 40.
Bxd6 Rxg4 41. Kb2 1-0

[Event "Late-Titled-Tuesday-Blitz-February-27-2024"]
[Site "Chess.com"]
[Date "2024.02.27"]
[Round "8"]
[White "wqws"]
[Black "SilverSwords13"]
[Result "1-0"]
[WhiteElo "2695"]
[BlackElo "2492"]
[TimeControl "180+1"]
[EndTime "15:27:02 PST"]
[Termination "wqws won by checkmate"]

1. e4 c5 2. Nf3 e6 3. d4 cxd4 4. Nxd4 Nc6 5. Nc3 Qc7 6. Be3 a6 7. Qd2 Nf6 8. O-O-O Be7 9. Kb1 b5 10. f3 Nxd4 11. Bxd4 Bb7 12. g4 Rc8 13. g5 Nh5 14. Bh3 Nf4 15. Bg4 Bxg5 16. Be5 Qxe5 17. Qxd7+ Kf8 18. Qxb7 Qb8 19. Qxa6 h5 20. h4 Bf6 21. Bh3 Bxc3 22. bxc3 b4 23. c4 Rh6 24. Bf1 e5 25. Qa5 Kg8 26. Rh2 Rd6 27. Rhd2 Rxd2 28. Rxd2 Qb7 29. c5 Qe7 30. Qxb4 Qxh4 31. Rd7 Qf2 32.
Bc4 Rxc5 33. Bxf7+ Kh7 34. Bb3 Ne2 35. Qd2 Qxf3 36.
Qg5 Nc3+ 37. Kb2 Qg4 38. Rxg7+ Kh8 39. Qh6# 1-0

[Event "Late-Titled-Tuesday-Blitz-February-27-2024"]
[Site "Chess.com"]
[Date "2024.02.27"]
[Round "8"]
[White "hansen"]
[Black "FairChess_on_YouTube"]
[Result "0-1"]
[WhiteElo "2927"]
[BlackElo "3103"]
[TimeControl "180+1"]
[EndTime "15:27:03 PST"]
[Termination "FairChess_on_YouTube won by checkmate"]

1. e4 c5 2. Nf3 a6 3. c3 e6 4. d4 d5 5. exd5 Qxd5 6. Nbd2 Nf6 7. Nc4 Nbd7 8. Be2 cxd4 9. Qxd4 Bc5 10. Qxd5 Nxd5 11.
O-O O-O 12. Rd1 N7f6 13. Nd4 Bd7 14. Na5 Ba4 15. Ndb3 b6 16. Nc4 Rfd8 17. Re1 Bf8 18. Bf3 Rac8 19. Ne5 h6 20. g3 a5 21. Kg2 Be8 22.
a4 g5 23. h3 Bg7 24. Nd4 Rc5 25. Nb3 Rc7 26. Nd4 Nb4 27. Re2 Rxd4 28. cxd4 Nc2 29. Rb1 Nxd4 30. Rd2 Nxf3 31. Kxf3 Nd5 32. Nd3 Bxa4 33.
b3 Bc6 34. Kg4 Nf6# 0-1